 Dungeon Sprint DCSS version 0.29.1-15-g9cfb28693d (webtiles) character file.

Game seed: 4587816123656318880

8704 LynnLen the Unseen (level 11, -8/65 HPs)
             Began as a Spriggan Enchanter on Aug 11, 2023.
             Was the Champion of Dithmenos.
             Mangled by an ice devil (14 damage)
             ... summoned by a kobold demonologist
             ... in the Dungeon (Sprint I: "Red Sonja").
             The game lasted 00:09:41 (1547 turns).

LynnLen the Unseen (Spriggan Enchanter)             Turns: 1547, Time: 00:09:42

Health: -8/65      AC:  5    Str:  3 (4)  XL:     11   Next: 13%
Magic:  40/46      EV: 27    Int: 21 (22) God:    Dithmenos [******]
Gold:   636        SH:  0    Dex: 16      Spells: 18/32 levels left

rFire   . . .      SeeInvis +   q - +4 dagger (speed)
rCold   . . .      Faith    .   (no shield)
rNeg    . . .      Spirit   .   b - +0 robe
rPois   .          Reflect  .   s - +3 hat of Pondering {ponderous, Will+ MP+10 Int+5}
rElec   +          Harm     .   (no cloak)
rCorr   .          Rampage  .   (gloves unavailable)
Will    ++...      NoTele   +   (boots unavailable) Stlth ***+++++++
                                (no amulet)
HPRegen 0.00/turn               m - ring of magical power
MPRegen 0.30/turn               (no ring)

@: confusing by touch, inhibited regen, wreathed by umbra, very quick
A: very small, no large weapons, unfitting armour, see invisible, speed 3,
deterioration 2, electricity resistance, inhibited regeneration, weak 2
a: Renounce Religion, Shadow Step, Shadow Form


You were in the Dungeon.
You worshipped Dithmenos.
Dithmenos was exalted by your worship.
You visited 1 branch You collected 1223 gold pieces.
You spent 587 gold pieces at shops.

Inventory:

Hand Weapons
 q - a +4 dagger of speed (weapon)
Missiles
 o - 5 curare-tipped darts
Armour
 b - a +0 robe (worn)
 s - the +3 hat of Pondering (worn) {ponderous, Will+ MP+10 Int+5}
   (You bought it in a shop in the Dungeon)

   Int:       It affects your intelligence (+5).
   MP:        It affects your magic capacity (+10).
   Will:      It increases your willpower.
Jewellery
 m - a ring of magical power (left hand)
Wands
 j - a wand of roots (18)
 n - a wand of flame (20)
Scrolls
 a - a scroll of enchant armour {unknown}
 i - a scroll of blinking
 l - a scroll of poison {unknown}
 p - a scroll of summoning {unknown}
Potions
 c - a potion of invisibility
 d - 6 potions of curing
 e - a potion of heal wounds
 f - a potion of haste
 g - 2 potions of magic
 h - a potion of berserk rage
 k - a potion of brilliance {unknown}
 r - a potion of attraction {unknown}


   Skills:
 + Level 11.2 Fighting
 - Level 10.0 Short Blades
 + Level 15.3 Dodging
 + Level 18.0 Stealth
 + Level 11.1 Spellcasting
 * Level 5.0 Conjurations
 - Level 9.0 Hexes
 * Level 6.0 Earth Magic
 + Level 4.8 Invocations


You had 18 spell levels left.
You knew the following spells:

 Your Spells              Type           Power      Damage    Failure   Level
a - Confusing Touch       Hex            49%        N/A       1%          3
b - Tukima's Dance        Hex            49%        N/A       1%          3
c - Ensorcelled Hibernat  Hex/Ice        60%        N/A       1%          2
d - Iron Shot             Conj/Erth      17%        9d4       65%         6

Your spell library contained the following spells:

 Spells                   Type           Power      Damage    Failure   Level
 Dazzling Flash           Conj/Hex       82%        N/A       1%          3
 Sublimation of Blood     Necr           11%        N/A       9%          2
 Sticky Flame             Conj/Fire      22%        2d4       21%         4
 Irradiate                Conj/Tmut      11%        3d15      50%         5


Dungeon Overview and Level Annotations

Branches:
Dungeon (1/1)

Altars:
Cheibriados
Dithmenos
Elyvilon
Fedhas
Gozag
Hepliaklqana
Kikubaaqudgha
Makhleb
Nemelex Xobeh
Okawaru
Qazlal
Ru
Sif Muna
Trog
Uskayaw
Vehumet
Wu Jian
Xom
Yredelemnul
Zin
The Shining One
Jiyva
Lugonu

Shops:
D (?:[[!!([(([[!!([(([?


Innate Abilities, Weirdness & Mutations

You are very small and have problems with some larger weapons.
You are too small for most types of armour.
You have supernaturally acute eyesight. (SInv)
You cover ground extremely quickly. (Speed+++)
Your body often deteriorates upon taking damage.
You are resistant to electric shocks. (rElec)
You do not regenerate when monsters are visible.
You are very weak. (Str -4)


Message History

The kobold demonologist closely misses you.
You hit the kobold demonologist but do no damage.
The kobold demonologist is moderately wounded.
Your shadow hits the kobold demonologist but does no damage.
The kobold demonologist looks braver for a moment.
The kobold demonologist hits you but does no damage.
You hit the kobold demonologist but do no damage.
The kobold demonologist appears confused.
The kobold demonologist is moderately wounded.
You catch the helpless kobold demonologist completely off-guard!
You skewer the kobold demonologist like a kebab!!!
You kill the kobold demonologist!
Dithmenos accepts your kill.
The kobold demonologist mumbles some strange words.
Your Conjurations skill increases to level 5!
Your Earth Magic skill increases to level 6!
The demonic crawler completely misses you.
The demonic crawler hits you but does no damage.
The demonic crawler misses you.
There is an open door, spattered with blood here.
Things that are here:
a +0 dagger; a +0 robe
Casting: Confusing Touch (safe; 1% risk of failure)
Press: ? - help, Q - select action, (/) - cycle Dir - look around, f - activate Your hands begin to glow red.
The demonic crawler completely misses you.
The demonic crawler hits you!
Your body deteriorates!
You feel weakened. The demonic crawler closely misses you.
The kobold demonologist misses you. The ice devil hits you!
The ice devil freezes you!!
Your body deteriorates!
You feel dopey.
You emit a cloud of dark smoke.
The demonic crawler hits you. The demonic crawler hits you!
* * * LOW HITPOINT WARNING * * *
The demonic crawler completely misses you.
The ice devil closely misses you. The ice devil hits you.
* * * LOW HITPOINT WARNING * * *
The ice devil freezes you!
You die... ########################## #<.#.)'..#.)'..#_4#s.'...# #..'..#.)'..#..'@Ks§§#...# #..#####'#####'#§§#### .sss

#..####..#...#.####).#####s
#..#__####..##§#~~§.§#.§#
#..#_____##'#_.'~~~§.'..#
#⌠⌠#_.∩...'..._#§~~§)#..#
####_..__##_.#§##'#####'###
#_____###'#.#.§[.###.'.#
############.####'###.###.#


You could see a demonic crawler, an ice devil (summoned) and a kobold
demonologist.

Vanquished Creatures
  2 centaur warriors (D)
  Sonja (D)
  A deep troll (D)
  8 shining eyes (D)
  An oklob plant (D)
  2 unseen horrors (D)
  A kobold demonologist (D)
  A hornet (D)
  A slime creature (D)
  A yak (D)
  Sigmund (D)
  2 redbacks (D)
  6 floating eyes (D)
  An ogre (D)
  7 necrophages (D)
  Ijyb (D)
  8 jellies (D)
  A ballistomycete spore (D)
46 creatures vanquished.

Vanquished Creatures (others)
  A ballistomycete spore (D)
1 creature vanquished.

Grand Total: 47 creatures vanquished

Notes
Turn   | Place    | Note
-------+----------+-------------------------------------------
     0 | D        | LynnLen the Spriggan Enchanter began the quest for the Orb.
     0 | D        | Reached XP level 1. HP: 9/9 MP: 5/5
     3 | D        | Noticed Ijyb
     7 | D        | Killed Ijyb
     8 | D        | Reached skill level 1 in Fighting
     8 | D        | Reached skill level 5 in Stealth
     8 | D        | Reached skill level 5 in Hexes
     8 | D        | Reached XP level 2. HP: 14/14 MP: 6/8
    10 | D        | Noticed an ogre
    16 | D        | Killed an ogre
    17 | D        | Reached skill level 6 in Stealth
    17 | D        | Reached XP level 3. HP: 19/19 MP: 6/11
    17 | D        | Reached XP level 4. HP: 23/23 MP: 7/13
    20 | D        | Noticed Sigmund
    23 | D        | Killed Sigmund
    24 | D        | Reached skill level 8 in Stealth
    24 | D        | Reached XP level 5. HP: 28/28 MP: 9/16
    48 | D        | Learned a level 3 spell: Confusing Touch
    52 | D        | Learned a level 3 spell: Tukima's Dance
    55 | D        | Learned a level 2 spell: Ensorcelled Hibernation
   105 | D        | Found an ornate altar of the Wu Jian Council.
   105 | D        | Found a shimmering blue altar of Sif Muna.
   107 | D        | Found a radiant altar of Vehumet.
   112 | D        | Reached skill level 5 in Short Blades
   112 | D        | Reached XP level 6. HP: 32/32 MP: 18/18
   137 | D        | Found Gycsyqul's Antique Armour Emporium.
   137 | D        | Found an ancient bone altar of Kikubaaqudgha.
   137 | D        | Found a hazy altar of Hepliaklqana.
   137 | D        | Found a hide-covered altar of Uskayaw.
   137 | D        | Found a basalt altar of Yredelemnul.
   137 | D        | Found an opulent altar of Gozag.
   137 | D        | Found a snail-covered altar of Cheibriados.
   137 | D        | Found a sacrificial altar of Ru.
   137 | D        | Found a shadowy altar of Dithmenos.
   137 | D        | Noticed a yak
   138 | D        | Found a stormy altar of Qazlal.
   138 | D        | Found a blossoming altar of Fedhas.
   138 | D        | Found a bloodstained altar of Trog.
   138 | D        | Found an iron altar of Okawaru.
   138 | D        | Found a glowing golden altar of the Shining One.
   138 | D        | Found a glowing silver altar of Zin.
   138 | D        | Found a white marble altar of Elyvilon.
   139 | D        | Killed a yak
   140 | D        | Reached skill level 9 in Stealth
   140 | D        | Found a sparkling altar of Nemelex Xobeh.
   146 | D        | Became a worshipper of Dithmenos the Shadowed
   159 | D        | Noticed Sonja
   164 | D        | Killed Sonja
   165 | D        | Reached skill level 5 in Fighting
   165 | D        | Reached skill level 11 in Stealth
   165 | D        | Reached XP level 7. HP: 39/39 MP: 16/19
   339 | D        | Found Mulam's Antique Weapon Boutique.
   359 | D        | Noticed a deep troll
   363 | D        | Killed a deep troll
   364 | D        | Reached skill level 10 in Short Blades
   364 | D        | Reached skill level 13 in Stealth
   364 | D        | Reached XP level 8. HP: 45/45 MP: 21/21
   375 | D        | Found Vyoschakk's Armour Emporium.
   403 | D        | Bought a runed dagger for 130 gold pieces
   475 | D        | Noticed a centaur warrior
   475 | D        | Noticed a centaur warrior
   478 | D        | Killed a centaur warrior
   478 | D        | Reached * piety under Dithmenos
   479 | D        | Reached skill level 14 in Stealth
   479 | D        | Reached XP level 9. HP: 51/51 MP: 22/22
   480 | D        | Killed a centaur warrior
   481 | D        | Reached skill level 15 in Stealth
   504 | D        | Noticed an oklob plant
   506 | D        | Killed an oklob plant
   506 | D        | Reached ** piety under Dithmenos
   507 | D        | Reached skill level 16 in Stealth
   538 | D        | Noticed an unseen horror
   538 | D        | Noticed an unseen horror
   547 | D        | Reached skill level 10 in Fighting
   551 | D        | Reached *** piety under Dithmenos
   601 | D        | Found Iliufic's Antique Weapon Shoppe.
   604 | D        | Reached **** piety under Dithmenos
   783 | D        | Reached XP level 10. HP: 60/60 MP: 24/24
   787 | D        | Reached ***** piety under Dithmenos
   822 | D        | Found Olek's Antique Armour Boutique.
   835 | D        | Found Bykeod's Distillery.
   861 | D        | Reached skill level 1 in Invocations
   877 | D        | Got the Handbook of Sinister Conjury
   985 | D        | Found Puni's Weapon Emporium.
   985 | D        | Found Irchy's Antique Weapon Shop.
   985 | D        | Found Cieroes's Antique Armour Shoppe.
   985 | D        | Found Omawuwu's Armour Boutique.
   985 | D        | Found Genuokkith's Distillery.
   985 | D        | Found Vusix's Distillery.
   985 | D        | Found Tiuhedat's Weapon Shoppe.
   993 | D        | Learned a level 6 spell: Iron Shot
   996 | D        | Found Xaot's Armour Boutique.
   997 | D        | Found Usuxunk's Antique Weapon Emporium.
   997 | D        | Found Ebriuna's Weapon Boutique.
   998 | D        | Found Pith's Magic Scroll Emporium.
  1017 | D        | Bought the +3 hat of Pondering {ponderous, Will+ MP+10
                  | Int+5} for 457 gold pieces
  1017 | D        | Found the +3 hat of Pondering {ponderous, Will+ MP+10
                  | Int+5}
  1048 | D        | Reached skill level 1 in Conjurations
  1048 | D        | Reached skill level 1 in Earth Magic
  1049 | D        | Reached skill level 17 in Stealth
  1116 | D        | Found a burning altar of Makhleb.
  1116 | D        | Found a viscous altar of Jiyva.
  1116 | D        | Found a shimmering altar of Xom.
  1116 | D        | Found a corrupted altar of Lugonu.
  1143 | D        | Noticed a shining eye
  1143 | D        | Noticed a shining eye
  1143 | D        | Noticed a shining eye
  1144 | D        | Noticed a shining eye
  1144 | D        | Noticed a shining eye
  1144 | D        | Noticed a shining eye
  1147 | D        | Paralysed by a floating eye for 2 turns
  1154 | D        | Paralysed by a floating eye for 2 turns
  1167 | D        | Reached skill level 10 in Spellcasting
  1179 | D        | Killed a shining eye
  1186 | D        | Gained mutation: Your body sometimes deteriorates upon
                  | taking damage. [a shining eye]
  1198 | D        | Killed a shining eye
  1198 | D        | Reached ****** piety under Dithmenos
  1207 | D        | Gained mutation: You are weak. (Str -2) [a shining eye]
  1235 | D        | Killed a shining eye
  1255 | D        | Gained mutation: Your body often deteriorates upon taking
                  | damage. [a shining eye]
  1259 | D        | Gained mutation: You do not regenerate when monsters are
                  | visible. [a shining eye]
  1269 | D        | Killed a shining eye
  1394 | D        | Noticed a shining eye
  1394 | D        | Noticed a shining eye
  1395 | D        | Killed a shining eye
  1396 | D        | Reached skill level 15 in Dodging
  1398 | D        | Reached skill level 5 in Earth Magic
  1399 | D        | Gained mutation: You are very weak. (Str -4) [a shining
                  | eye]
  1415 | D        | Gained mutation: You are resistant to electric shocks.
                  | (rElec) [a shining eye]
  1426 | D        | Killed a shining eye
  1440 | D        | Killed a shining eye
  1441 | D        | Reached XP level 11. HP: 65/65 MP: 26/26
  1448 | D        | Killed a shining eye
  1449 | D        | Reached skill level 18 in Stealth
  1450 | D        | Found Orgha's Armour Shop.
  1450 | D        | Found Lababb's Distillery.
  1451 | D        | Found Sul Juipyc's Magic Scroll Shoppe.
  1451 | D        | Found Wireyh's Book Emporium.
  1544 | D        | Reached skill level 5 in Conjurations
  1547 | D        | Mangled by an ice devil

Illustrated notes

Levels and vault maps discovered:
D:        dungeon_sprint_1 [red_sonja_temple_1, red_sonja_temple_small_1]

Skill      XL: |  1  2  3  4  5  6  7  8  9 10 11 |
---------------+----------------------------------+-----
Fighting       | 1 2 3 5 6 7 10 11 | 11.2
Short Blades   | 2 3 4 5 9 10 | 10.0
Dodging        | 3 4 6 9 11 12 14 15 | 15.3
Stealth        | 5 6 8 11 13 14 16 17 18 | 18.0
Spellcasting   | 4 6 7 8 9 10 11 | 11.1
Hexes          | 5 6 8 9 |  9.0
Invocations    | 4 |  4.8
Conjurations   | 4 5 |  5.0
Earth Magic    | 5 6 |  6.0

Action                   |  1- 3 |  4- 6 |  7- 9 | 10-12 || total
-------------------------+-------+-------+-------+-------++-------
Melee: Dagger            |     7 |     4 |    27 |   137 ||   175
       Punch             |       |       |     1 |     3 ||     4
 Cast: Ensorcelled Hiber |       |     1 |     1 |       ||     2
       Confusing Touch   |       |       |     2 |    13 ||    15
  Use: Potion            |     1 |       |       |       ||     1
 Stab: Sleeping          |     2 |     4 |    16 |    10 ||    32
       Invisible         |     2 |       |       |       ||     2
       Confused          |       |       |     2 |    12 ||    14
Armor: Robe              |       |       |       |     2 ||     2
Dodge: Dodged            |     3 |       |     6 |    19 ||    28
